 Dungeon Crawl Stone Soup version 0.24-a0-181-gd121a6d (console) character file.

Game seed: 1090634687377906006

93518 Voker57 the Fencer (level 15, -11/120 HPs)
             Began as a Demonspawn Gladiator on Mar 13, 2019.
             Was the Champion of Okawaru.
             Blown up by an orb spider (22 damage)
             ... with a wavering orb of destruction
             ... on level 2 of the Spider Nest on Mar 14, 2019.
             The game lasted 01:49:59 (36882 turns).

Voker57 the Fencer (Demonspawn Gladiator)          Turns: 36882, Time: 01:50:00

Health: -11/120    AC: 30    Str: 14    XL:     15   Next: 60%
Magic:  24/24      EV: 21    Int: 29    God:    Okawaru [******]
Gold:   617        SH:  3    Dex: 26    Spells: 21/21 levels left

rFire    + . .     SeeInvis +   Z - +1 great sword (venom)
rCold    . . .     Gourm    .   (shield currently unavailable)
rNeg     . . .     Faith    .   z - +7 chain mail "Hijed" {rF+ Str-5 Int+8 Dex+7}
rPois    +         Spirit   .   i - +1 hat of Immorality {Int+4}
rElec    +         Reflect  +   R - +2 cloak "Forhinovo" {rElec Int+9 Dex-5}
rCorr    +         Harm     .   I - +2 pair of gloves {archery}
MR       +....     Clarity  +   v - +0 pair of boots "Oxokh" {Str+4 Dex+4}
Stlth    +.........             E - +3 amulet of reflection
HPRegen  0.30/turn              M - ring of Absolutism {rPois SInv}
MPRegen  0.19/turn              s - ring of resist corrosion

@: heroism
A: claws 1, repulsion field 2, clarity, demonic guardian 2, dopey 1, foul stench
1, rot immunity
a: Heroism, Finesse, Renounce Religion


You were on level 2 of the Spider Nest.
You worshipped Okawaru.
Okawaru was exalted by your worship.
You were not hungry.

You visited 5 branches of the dungeon, and saw 25 of its levels.
You also visited: Bailey.

You collected 1752 gold pieces.
You spent 1135 gold pieces at shops.

Inventory:

Hand Weapons
 a - a +4 scimitar of flaming
 g - a +0 blowgun
 J - the +7 lajatang of Order {silver, rMut}
   (Okawaru gifted it to you on level 1 of the Lair of Beasts)

   It protects you from mutation.
 Z - a +1 great sword of venom (weapon)
Missiles
 c - 8 curare-tipped needles
 h - 7 throwing nets
 Q - 3 javelins (quivered)
Armour
 i - the +1 hat of Immorality (worn) {Int+4}
   (You found it in a bailey)

   It affects your intelligence (+4).
 v - the +0 pair of boots "Oxokh" (worn) {Str+4 Dex+4}
   (You bought it in a shop on level 2 of the Orcish Mines)

   It affects your strength (+4).
   It affects your dexterity (+4).
 z - the +7 chain mail "Hijed" (worn) {rF+ Str-5 Int+8 Dex+7}
   (You took it off an orc warrior on level 7 of the Dungeon)

   It affects your strength (-5).
   It affects your intelligence (+8).
   It affects your dexterity (+7).
   It protects you from fire.
 I - a +2 pair of gloves of archery (worn)
 R - the +2 cloak "Forhinovo" (worn) {rElec Int+9 Dex-5}
   (You found it on level 4 of the Lair of Beasts)

   It affects your intelligence (+9).
   It affects your dexterity (-5).
   It insulates you from electricity.
 U - the +2 plate armour of the World {+Blink rElec Str+4 Int-5, unknown}
   (Okawaru gifted it to you on level 1 of the Spider Nest)

   It affects your strength (+4).
   It affects your intelligence (-5).
   It insulates you from electricity.
   It lets you blink.
Jewellery
 s - a ring of resist corrosion (right hand)
 E - a +3 amulet of reflection (around neck)
 M - the ring of Absolutism (left hand) {rPois SInv}
   (You bought it in a shop on level 7 of the Dungeon)

   [ring of see invisible]

   It protects you from poison.
   It lets you see invisible.
Wands
 d - a wand of enslavement (14)
 n - a wand of flame (19)
 p - a wand of random effects (30)
 A - a wand of acid (32)
 C - a wand of disintegration (22)
 F - a wand of iceblast (7)
 N - a wand of paralysis (8)
 X - a wand of polymorph (17)
Scrolls
 e - 6 scrolls of magic mapping
 j - 4 scrolls of amnesia
 k - a scroll of identify
 t - 2 scrolls of fog
 x - 2 scrolls of teleportation
 y - 5 scrolls of remove curse
 B - 3 scrolls of enchant armour
 L - 4 scrolls of fear
 V - 3 scrolls of blinking
 Y - a scroll of summoning
Potions
 l - 3 potions of flight
 m - 3 potions of lignification
 o - a potion of invisibility
 r - a potion of cancellation
 D - 2 potions of berserk rage
 G - 2 potions of might
 K - a potion of agility
 O - a potion of haste
 T - a potion of ambrosia
Miscellaneous
 u - a sack of spiders
Comestibles
 f - 35 rations
 q - 2 chunks of flesh


   Skills:
 + Level 12.0(17.0) Fighting
 * Level 15.1(20.1) Long Blades
 - Level 1.7(6.7) Throwing
 + Level 10.4(15.4) Armour
 + Level 11.3(16.3) Dodging
 - Level 3.6 Spellcasting
 + Level 12.1 Invocations
 + Level 3.7 Evocations


You had 21 spell levels left.
You didn't know any spells.
Your spell library contained the following spells:

 Spells                   Type           Power        Failure   Level  Hunger
 Beastly Appendage        Tmut           #.....       56%         1    None
 Freeze                   Ice            #...         56%         1    None
 Infusion                 Chrm           #...         56%         1    None
 Ensorcelled Hibernation  Hex/Ice        #.....       71%         2    None
 Shroud of Golubria       Chrm/Tloc      #.........   71%         2    None
 Song of Slaying          Chrm           #.......     71%         2    None
 Sticks to Snakes         Tmut           #.......     71%         2    None
 Throw Frost              Conj/Ice       #.....       71%         2    None
 Ignite Poison            Fire/Tmut/Pois #.......     90%         3    ##.....
 Regeneration             Chrm/Necr      #.........   90%         3    ##.....
 Spectral Weapon          Hex/Chrm       #.......     90%         3    ##.....
 Spider Form              Tmut/Pois      #.........   90%         3    ##.....
 Ice Form                 Ice/Tmut       #.......     100%        4    ####...
 Throw Icicle             Conj/Ice       #.......     100%        4    ####...
 Blade Hands              Tmut           #.........   100%        5    #####..
 Bolt of Magma            Conj/Fire/Erth #.........   100%        5    #####..
 Iskenderun's Battlesphe  Conj/Chrm      #.......     100%        5    #####..
 Venom Bolt               Conj/Pois      #.........   100%        5    #####..
 Iron Shot                Conj/Erth      #.........   100%        6    #######
 Poison Arrow             Conj/Pois      #.........   100%        6    #######
 Orb of Destruction       Conj           #.........   100%        7    #######
 Spellforged Servitor     Conj/Summ      #.........   100%        7    #######
 Chain Lightning          Conj/Air       #.........   100%        8    #######
 Ignition                 Fire           #.........   100%        8    #######
 Lehudib's Crystal Spear  Conj/Erth      #.........   100%        8    #######
 Fire Storm               Conj/Fire      #.........   100%        9    #######
 Glaciate                 Conj/Ice       #.........   100%        9    #######


Dungeon Overview and Level Annotations

Branches:
Dungeon (14/15)            Temple (0/1) D:5            Lair (6/6) D:8
  Swamp (0/4) Lair:3       Spider (2/4) Lair:3        Slime (0/5) Lair:6
    Orc (2/2) D:12            Elf (1/3) Orc:2        Vaults (0/5) D:13

Altars:
Fedhas
Hepliaklqana
Kikubaaqudgha
Okawaru
Vehumet
Wu Jian
Yredelemnul
Zin
Beogh
Jiyva

Shops:
D:7 =?(   D:9 [:}   D:13 [[   Orc:2 [*(:

Annotations:
D:5 2 runed translucent doors, Duffy's ghost, novice NaGl
Lair:4 exclusion: oklob plant


Innate Abilities, Weirdness & Mutations

You have sharp fingernails.
You are surrounded by a moderate repulsion field. (EV +3)
A demonic guardian rushes to your aid.
You may emit foul miasma when damaged in melee.
You are immune to rotting.
You possess an exceptional clarity of mind.
You are dopey. (Int -2)


Message History

Enter note: goodbye cruel world You feel much better.
Unknown command.
The orb spider pulsates with a strange energy.
The orb of destruction hits you!!
* * * LOW HITPOINT WARNING * * *
What are your orders? t - Shout!
Orders for allies: a - Attack new target. r - Retreat! s - Stop attacking. g - Guard the area. f - Follow me.
Anything else - Cancel.
Gang up on whom?
Press: ? - help, Dir - move target cursor, f - orb spider
Aim: an orb spider (fully charged, clinging) Attack!
The orb spider weaves a glowing orb of energy.
An orb of destruction comes into view.
The wavering orb of destruction hits you!!
You die...

....#.43......#..............##.^
#..........##..............#..
#ss<........#...........^.....
..^s........................#.#..
..............................#..
.#s...........###............#...
..#..........#####(..........#...
..#........####.^##.#..##.#..#...
. #.......###..4☼s#......##..#...
.....##.....@.#.####.##..##..
....##...^s..#^####^.....####
..##........#.# #........##
#......[#.# ##...........
##.....##.# #............
#(...##.####............
...†.###...#..........>.. #.#####
................. ^#
####............. .#
#^.............


You could see an orb spider, a tarantella and a friendly ice devil.

Vanquished Creatures
  Rupert (Orc:2)
  2 orc warlords (Orc:2)
  A stone giant (Orc:2)
  Nessos (Lair:4)
  2 entropy weavers
  Snorg (Orc:2)
  3 hydras
  Fannar (Orc:1)
  2 centaur warriors (D:13)
  3 vault guards (D:13)
  4 two-headed ogres
  A tengu warrior (D:10)
  A queen ant (Lair:6)
  3 death yaks (Lair:6)
  Urug (Lair:6)
  3 unseen horrors
  Pikel (D:8)
  2 deep elf magi
  2 lindwurms (Lair:6)
  6 orb spiders
  3 orc knights (Orc:2)
  3 ugly things
  14 wolf spiders
  4 orc sorcerers (Orc:2)
  A cyclops (D:10)
  A manticore (D:11)
  2 slime creatures (D:13)
  2 elephants (Lair:6)
  A moth of wrath (Spider:2)
  A centaur zombie (D:13)
  2 black mambas
  A gargoyle (D:12)
  3 centaur skeletons
  7 spiny frogs
  5 komodo dragons
  3 rime drakes
  2 demonic crawlers (Spider:2)
  2 efreet (D:13)
  6 trolls
  3 tengu conjurers
  16 jumping spiders
  2 polar bears (Lair:6)
  A bog body (Lair:3)
  Prince Ribbit (D:8)
  9 blink frogs
  4 hippogriffs
  2 dream sheep (Lair:6)
  2 wyverns
  25 redbacks
  A shadow (D:12)
  14 tarantellas
  21 yaks
  2 basilisks
  3 soldier ants (Lair:6)
  2 wargs
  10 water moccasins
  An acid dragon (D:13)
  6 porcupines
  A hornet zombie (D:13)
  5 ice beasts
  22 orc warriors
  An eye of draining (D:12)
  A black bear (D:6)
  8 ogres
  12 wolves
  11 centaurs
  7 crocodiles
  2 big kobolds
  18 bullfrogs
  9 gnoll sergeants
  4 scorpions
  8 wights
  3 electric eels
  3 howler monkeys
  6 crimson imps
  A bullfrog zombie (D:11)
  20 orc priests
  6 gnoll shamans (Bailey)
  2 jellies
  A bullfrog skeleton (D:10)
  5 hounds
  24 orc wizards
  29 worker ants
  3 iguanas
  A polar bear simulacrum (Lair:5)
  4 wolf simulacra (Lair:5)
  3 yak simulacra (Lair:5)
  2 killer bee zombies
  2 worker ant zombies
  18 gnolls
  6 adders
  4 shadow imps
  An ooze (D:2)
  An adder zombie (D:5)
  An adder skeleton (D:5)
  2 worms (D:2)
  2 dart slugs
  3 leopard geckos
  83 orcs
  2 ball pythons
  3 giant cockroaches
  12 goblins
  4 hobgoblins
  5 jackals
  5 quokkas
  5 bats
  6 frilled lizards
  13 kobolds
  9 rats
  2 river rat simulacra (Lair:5)
  A spectral orc (D:6)
641 creatures vanquished.

Vanquished Creatures (collateral kills)
  Nikola (Lair:3)
  2 entropy weavers
  A catoblepas (Lair:6)
  A vault guard (D:13)
  A centaur warrior (D:13)
  2 hydras
  A deep troll shaman (Lair:6)
  3 death yaks (Lair:6)
  2 orc high priests (Orc:2)
  4 skeletal warriors (D:10)
  The ghost of Lanoc the Chopper, a novice TrGl (D:7)
  A necromancer (Lair:5)
  2 ugly things
  An orc knight (Orc:2)
  4 orb spiders
  An orc sorcerer (Orc:2)
  A wolf spider (Spider:2)
  2 elephants (Lair:6)
  Joseph (D:7)
  A centaur zombie (D:13)
  A spiny frog (Lair:1)
  A komodo dragon (Lair:6)
  2 demonic crawlers
  2 jumping spiders (Spider:1)
  3 bog bodies (Lair:3)
  A troll (D:12)
  4 blink frogs (Lair:6)
  A hornet (D:13)
  2 hippogriffs
  2 slime creatures (D:13)
  3 dream sheep (Lair:6)
  3 redbacks (Spider:1)
  A tarantella (Spider:2)
  8 yaks
  6 soldier ants (Lair:6)
  A water moccasin (Lair:6)
  12 orc warriors
  2 ogres
  An eye of draining (D:11)
  3 wolves
  2 centaurs
  3 crocodiles
  2 bullfrogs
  A howler monkey (D:8)
  A hound (D:5)
  6 orc priests
  2 orc wizards
  6 worker ants
  A gnoll (D:4)
  An adder (D:6)
  22 orcs
  2 jackals (D:6)
  A river rat simulacrum (Lair:5)
  2 plants
144 creatures vanquished.

Vanquished Creatures (others)
  An orc high priest (Orc:2)
  2 wolf spiders
  A crimson imp (D:12)
  An orc wizard (Orc:2)
  A shadow imp (D:8)
  An adder skeleton (D:8)
  An orc (D:8)
  5 fungi
  8 plants
21 creatures vanquished.

Grand Total: 806 creatures vanquished

Notes
Turn   | Place    | Note
-------+----------+-------------------------------------------
     0 | D:1      | Voker57 the Demonspawn Gladiator began the quest for the
                  | Orb.
     0 | D:1      | Reached XP level 1. HP: 16/16 MP: 1/1
   544 | D:1      | Reached skill level 3 in Long Blades
   544 | D:1      | Gained mutation: You have sharp fingernails. [demonic
                  | ancestry]
   544 | D:1      | Reached XP level 2. HP: 18/22 MP: 2/2
  1259 | D:2      | Reached XP level 3. HP: 14/28 MP: 3/3
  1506 | D:2      | You fall through a shaft for 2 floors!
  1524 | D:4      | Gained mutation: A weak demonic guardian rushes to your
                  | aid. [demonic ancestry]
  1524 | D:4      | Reached XP level 4. HP: 32/34 MP: 4/4
  1672 | D:4      | Reached skill level 4 in Long Blades
  2121 | D:4      | Noticed a gnoll sergeant
  2126 | D:4      | Reached XP level 5. HP: 37/41 MP: 5/5
  3127 | D:2      | Found a radiant altar of Vehumet.
  4666 | D:4      | Reached XP level 6. HP: 24/47 MP: 6/6
  4817 | D:5      | Entered Level 5 of the Dungeon
  4829 | D:5      | Reached skill level 5 in Long Blades
  5189 | D:5      | Got a polished chain mail
  5200 | D:5      | Identified the +1 chain mail of Baraimew {MR- Regen+ rCorr
                  | Int+5} (You found it on level 5 of the Dungeon)
  5392 | D:5      | Reached XP level 7. HP: 53/54 MP: 7/7
  5417 | D:5      | Found a staircase to the Ecumenical Temple.
  5638 | D:5      | Found a large runed translucent door.
  5638 | D:5      | Found a large runed translucent door.
  5643 | D:5      | Noticed Duffy's ghost (novice NaGl)
  6001 | D:6      | Found an ancient bone altar of Kikubaaqudgha.
  6020 | D:5      | Reached skill level 1 in Armour
  6308 | D:6      | Reached skill level 6 in Long Blades
  6431 | D:6      | Upgraded the game from 0.24-a0-179-g7a2c91a to
                  | 0.24-a0-181-gd121a6d
  6467 | D:6      | Got a translucent quarterstaff
  6620 | D:6      | Found a hazy altar of Hepliaklqana.
  6649 | D:6      | Found a basalt altar of Yredelemnul.
  6720 | D:6      | Gained mutation: You are immune to rotting. [demonic
                  | ancestry]
  6720 | D:6      | Reached XP level 8. HP: 53/61 MP: 8/8
  6772 | D:6      | Found a glowing silver altar of Zin.
  6897 | D:7      | Found Xauhadeb's Jewellery Shoppe.
  6930 | D:7      | Reached skill level 5 in Dodging
  6931 | D:7      | Found Tuudas's Weapon Boutique.
  6946 | D:7      | Reached skill level 5 in Fighting
  7073 | D:7      | Found Yrchuhi's Magic Scroll Shop.
  7077 | D:7      | Noticed Joseph
  7087 | D:7      | Killed Joseph
  7087 | D:7      | Reached skill level 7 in Long Blades
  7227 | D:7      | Found an iron altar of Okawaru.
  7231 | D:7      | Became a worshipper of Warmaster Okawaru
  7622 | D:7      | Found a runed translucent gate.
  7622 | D:7      | Noticed Lanoc's ghost (novice TrGl)
  7623 | D:7      | Found a runed translucent gate.
  7624 | D:7      | Found a runed translucent gate.
  7630 | D:7      | Found a roughly hewn altar of Beogh.
  7630 | D:7      | Identified the +7 chain mail "Hijed" {rF+ Str-5 Int+8
                  | Dex+7}
  7661 | D:7      | Gained mutation: You are dopey. (Int -2) [potion of
                  | mutation]
  7661 | D:7      | Gained mutation: You possess an exceptional clarity of
                  | mind. [potion of mutation]
  7666 | D:7      | Killed Lanoc's ghost
  7666 | D:7      | Reached * piety under Okawaru
  7666 | D:7      | Gained mutation: You are surrounded by a mild repulsion
                  | field. (EV +2) [demonic ancestry]
  7666 | D:7      | Reached XP level 9. HP: 45/69 MP: 9/9
  7871 | D:7      | Got a heavily runed ring mail
  7924 | D:8      | Reached skill level 8 in Long Blades
  7943 | D:8      | Noticed Pikel
  8002 | D:8      | Reached ** piety under Okawaru
  8017 | D:8      | Killed Pikel
  8472 | D:8      | Noticed Prince Ribbit
  8502 | D:8      | Killed Prince Ribbit
  8502 | D:8      | Reached *** piety under Okawaru
  8502 | D:8      | Reached skill level 9 in Long Blades
  8699 | D:8      | Found a staircase to the Lair.
  8882 | D:8      | Found a blossoming altar of Fedhas.
  9028 | D:8      | Noticed a two-headed ogre
  9045 | D:8      | Killed a two-headed ogre
  9045 | D:8      | Reached **** piety under Okawaru
  9045 | D:8      | Reached skill level 5 in Armour
  9045 | D:8      | Gained mutation: You may emit foul miasma when damaged in
                  | melee. [demonic ancestry]
  9045 | D:8      | Reached XP level 10. HP: 52/79 MP: 10/10
  9248 | Lair:1   | Entered Level 1 of the Lair of Beasts
  9290 | Lair:1   | Noticed a spiny frog
  9298 | Lair:1   | Killed a spiny frog
  9389 | Lair:1   | Noticed a spiny frog
  9408 | Lair:1   | Killed a spiny frog
  9764 | Lair:1   | You fall through a shaft!
  9788 | Lair:1   | Identified the +1 ring mail "Jorrobae" {rC+ rN+} (You found
                  | it on level 7 of the Dungeon)
 10158 | Lair:1   | Reached skill level 10 in Long Blades
 10165 | Lair:1   | Reached skill level 1 in Spellcasting
 10193 | Lair:1   | Reached ***** piety under Okawaru
 10196 | Lair:1   | Reached skill level 1 in Invocations
 10661 | Lair:1   | Reached XP level 11. HP: 30/86 MP: 10/13
 10663 | Lair:1   | Received a gift from Okawaru
 10664 | Lair:1   | Found the +7 lajatang of Order {silver, rMut}
 11876 | Lair:2   | Got a warped mace
 11877 | Lair:2   | Identified the +7 mace of Ilez {crush, Dex+2} (You found it
                  | on level 2 of the Lair of Beasts)
 11926 | Lair:2   | Noticed a four-headed hydra
 11927 | Lair:2   | Noticed a six-headed hydra
 12269 | Lair:2   | Killed a four-headed hydra
 12669 | Lair:3   | Found a hole to the Spider Nest.
 13291 | Lair:3   | Found a staircase to the Swamp.
 13808 | Lair:4   | Noticed a six-headed hydra
 13817 | Lair:4   | Killed a six-headed hydra
 13820 | Lair:4   | Got a twisted cloak
 13826 | Lair:4   | Identified the +2 cloak "Forhinovo" {rElec Int+9 Dex-5}
                  | (You found it on level 4 of the Lair of Beasts)
 13839 | Lair:4   | Reached skill level 11 in Long Blades
 14193 | Lair:4   | Noticed Nessos
 14236 | Lair:4   | Killed Nessos
 14236 | Lair:4   | Received a gift from Okawaru
 14296 | Lair:4   | Noticed a six-headed hydra
 14308 | Lair:4   | Killed a six-headed hydra
 14441 | Lair:4   | Reached skill level 5 in Invocations
 14751 | Lair:4   | Noticed an oklob plant
 15085 | Lair:4   | Gained mutation: A demonic guardian rushes to your aid.
                  | [demonic ancestry]
 15085 | Lair:4   | Reached XP level 12. HP: 15/94 MP: 4/17
 16415 | Lair:5   | Noticed a four-headed hydra
 16424 | Lair:5   | Killed a four-headed hydra
 16721 | Lair:6   | Entered Level 6 of the Lair of Beasts
 16867 | Lair:5   | HP: 4/95 [poisoned by a water moccasin]
 17391 | Lair:6   | Identified Sif Muna's Reference Book on Freezing Flames
 17455 | Lair:6   | Received a gift from Okawaru
 17922 | Lair:6   | Noticed Urug
 17953 | Lair:6   | Killed Urug
 18067 | Lair:6   | Reached skill level 12 in Long Blades
 18277 | Lair:6   | Noticed an entropy weaver
 18300 | Lair:6   | Killed an entropy weaver
 18306 | Lair:6   | Noticed a queen ant
 18321 | Lair:6   | Killed a queen ant
 18450 | Lair:6   | Reached ****** piety under Okawaru
 18571 | Lair:6   | Noticed an entropy weaver
 18585 | Lair:6   | Killed an entropy weaver
 19014 | Lair:6   | Found a staircase to the Slime Pits.
 19014 | Lair:6   | Found a viscous altar of Jiyva.
 19471 | Lair:6   | Reached XP level 13. HP: 103/103 MP: 18/18
 20121 | Lair:6   | Received a gift from Okawaru
 20121 | Lair:6   | Reached skill level 10 in Fighting
 20978 | D:9      | Found Giffeb's Armour Boutique.
 21005 | D:9      | Found Aleebo's Book Shoppe.
 21111 | D:7      | Bought the ring of Absolutism {rPois SInv} for 366 gold
                  | pieces
 21295 | D:9      | Found Ferem's Gadget Shoppe.
 21321 | D:9      | Found an ornate altar of the Wu Jian Council.
 21638 | D:10     | Entered Level 10 of the Dungeon
 21824 | D:10     | Found a flagged portal.
 21847 | Bailey   | Entered a bailey
 21857 | Bailey   | Reached skill level 13 in Long Blades
 22578 | Bailey   | Got a distressingly furry hat
 22582 | Bailey   | Identified the +1 hat of Immorality {Int+4} (You found it
                  | in a bailey)
 24313 | D:11     | Received a gift from Okawaru
 24616 | D:11     | Reached skill level 10 in Dodging
 24883 | D:12     | Found a staircase to the Orcish Mines.
 25402 | D:12     | Received a gift from Okawaru
 25408 | D:12     | Got twisted quicksilver dragon scales {god gift}
 25409 | D:12     | Identified the quicksilver dragon scales "Zicihem" {rPois
                  | MR+ Int+2} (Okawaru gifted it to you on level 12 of the
                  | Dungeon)
 25984 | D:13     | Found Ikkagus's Antique Armour Emporium.
 26000 | D:13     | Reached XP level 14. HP: 84/111 MP: 15/21
 26011 | D:13     | Reached skill level 10 in Invocations
 26038 | D:13     | Identified a scroll of acquirement
 26039 | D:13     | Got a scintillating iron amulet
 26040 | D:13     | Identified the amulet "Asyil" {*Contam Regen+ Int+2 SInv}
                  | (You acquired it on level 13 of the Dungeon)
 26356 | D:13     | Bought a heavily runed chain mail for 361 gold pieces
 26677 | D:13     | Found a gate to the Vaults.
 26983 | D:13     | Found Vaifaobb's Antique Armour Shop.
 27146 | D:13     | Reached skill level 14 in Long Blades
 27405 | Orc:1    | Entered Level 1 of the Orcish Mines
 27621 | Orc:2    | Entered Level 2 of the Orcish Mines
 27698 | Orc:2    | Noticed a stone giant
 27718 | Orc:2    | Killed a stone giant
 27836 | Orc:2    | Noticed Rupert
 27875 | Orc:1    | Noticed Fannar
 28057 | Orc:2    | Paralysed by Rupert for 6 turns
 28080 | Orc:2    | Killed Rupert
 28080 | Orc:2    | Received a gift from Okawaru
 28181 | Orc:2    | Found a staircase to the Elven Halls.
 28302 | Elf:1    | Entered Level 1 of the Elven Halls
 28317 | Orc:1    | Noticed an orc warlord
 28317 | Orc:1    | Noticed Snorg
 28605 | Orc:1    | Identified the +1 chain mail of Grot {rN+ MR+ Dex-2} (You
                  | bought it in a shop on level 13 of the Dungeon)
 28640 | Orc:1    | Killed Fannar
 29386 | Orc:2    | Noticed an orc warlord
 29423 | Orc:2    | Killed an orc warlord
 29423 | Orc:2    | Received a gift from Okawaru
 29479 | Orc:2    | HP: 2/113 [orc sorcerer/bolt of negative energy (9)]
 30149 | Orc:2    | Found Qihoytio's General Store.
 30167 | Orc:2    | Found Noryor's Antique Armour Boutique.
 30167 | Orc:2    | Found Emmyemiy's Book Shop.
 30167 | Orc:2    | Found Biec's Antique Weapon Boutique.
 30182 | Orc:2    | Bought a pair of warped boots for 228 gold pieces
 30234 | Orc:2    | Identified the +0 pair of boots "Oxokh" {Str+4 Dex+4} (You
                  | bought it in a shop on level 2 of the Orcish Mines)
 30234 | Orc:2    | Bought a pair of glowing gloves for 180 gold pieces
 30409 | Orc:2    | Killed an orc warlord
 30701 | Orc:2    | Killed Snorg
 30701 | Orc:2    | Received a gift from Okawaru
 30701 | Orc:2    | Reached skill level 1 in Evocations
 31486 | Spider:1 | Entered Level 1 of the Spider Nest
 31500 | Spider:1 | Noticed Nikola
 31524 | Spider:1 | Received a gift from Okawaru
 31872 | Lair:3   | Killed Nikola
 32155 | Spider:1 | Reached skill level 10 in Armour
 32179 | Spider:1 | Gained mutation: You are surrounded by a moderate repulsion
                  | field. (EV +3) [demonic ancestry]
 32179 | Spider:1 | Reached XP level 15. HP: 85/119 MP: 23/23
 33067 | Spider:1 | HP: 2/120 [disintegration (23)]
 34159 | Spider:1 | HP: 6/120 [disintegration (29)]
 34169 | Spider:1 | HP: 5/120 [jumping spider (4)]
 34173 | Spider:1 | Received a gift from Okawaru
 34352 | Spider:1 | Got a jasper-encrusted plate armour {god gift}
 35332 | Spider:2 | Reached skill level 15 in Long Blades
 36188 | Spider:1 | Got a transparent cloak {god gift}
 36199 | Spider:1 | Identified the +0 cloak "Ytut Luiq" {+Blink Regen+}
                  | (Okawaru gifted it to you on level 1 of the Spider Nest)
 36834 | Spider:2 | HP: 5/120 [disintegration (31)]
 36875 | Spider:2 | goodbye cruel world
 36882 | Spider:2 | Blown up by an orb spider

Levels and vault maps discovered:
D:1:      dpeg_arrival_stone_temple_mockup, layout_basic
D:2:      wad_woods_pond, layout_basic, nicolae_overflow_hidden_temple
D:3:      layout_loops_corners
D:4:      layout_basic, first_ration
D:5:      layout_basic, temple_statues, ebering_ghost_disaster_area,
          eino_curves_03
D:6:      black_bear_nest_1, layout_cave_pools, lemuel_crystal_altar,
          lemuel_crystal_altar, yredelemnul_forgotten_temple_becter,
          lemuel_crystal_altar
D:7:      layout_loops_corners, kennysheep_mini, serial_shops,
          nicolae_shop_statue_plus, shop, nicolae_shop_trees,
          biasface_ghost_orc_armoury, uniq_joseph
D:8:      layout_basic, fedhas_altar_4, grunt_lair_entry_orc_guard_hut,
          uniq_pikel, uniq_prince_ribbit1
D:9:      layout_small_grid, basic_altar, serial_shops, shop,
          nicolae_shop_waterfront, nicolae_shop_competitors_out_of_business
D:10:     layout_cave_pods, enter_bailey_3
D:11:     layout_loops_corners
D:12:     layout_basic, david_orc_3
D:13:     layout_cave_pools, lightli_vaults_fourway_checkpoint, serial_shops,
          kennysheep_little_box, nicolae_shop_stone
D:14:     layout_gridville, minmay_misc_feat_ornament
Lair:1:   layout_concentric_octagons
Lair:2:   layout_roguey
Lair:3:   layout_loops_ring, nicolae_swamp_entry_splash_gauntlet,
          dummy_spider_entry, lemuel_fruit_fields
Lair:4:   layout_cave_shapes, chequers_serial_rivers_room_b, grunt_megastairs_5,
          infiniplex_staircase_pool, uniq_nessos
Lair:5:   layout_gridlike, minmay_hedge_maze, eino_house_with_fridge
Lair:6:   grunt_lair_end_beastmaster, layout_misc_corridors, slime_altar_1,
          minmay_another_anthill, uniq_urug
Spider:1: layout_chambers, uniq_nikola
Spider:2: layout_chambers
Orc:1:    layout_caves, uniq_fannar, uniq_snorg
Orc:2:    st_orc_congregation, layout_diamond_mine, uniq_rupert
Elf:1:    elf_arrival_002, layout_gridlike, hangedman_corner_corridor,
          minmay_checkered_concentric_circles, grunt_megastairs_4
Bailey:   bailey_polearm_gnolls_kennysheep, bailey

Skill      XL: |  1  2  3  4  5  6  7  8  9 10 11 12 13 14 15 |
---------------+----------------------------------------------+-----
Long Blades    | 3 4 5 6 7 9 10 11 12 13 14 15 | 15.1
Dodging        | 3 4 5 6 7 8 9 10 11 | 11.3
Fighting       | 3 4 5 7 8 9 10 11 12 | 12.0
Armour         | 2 3 5 6 7 8 9 10 | 10.4
Spellcasting   | 1 3 |  3.6
Invocations    | 1 5 7 9 11 12 | 12.1
Evocations     | 1 3 |  3.7
Throwing       | |  1.7

Action                   |  1- 3 |  4- 6 |  7- 9 | 10-12 | 13-15 || total
-------------------------+-------+-------+-------+-------+-------++-------
Melee: Long sword        |    98 |   221 |   411 |   560 |   111 ||  1401
       Mace              |       |       |       |   224 |       ||   224
       Lajatang          |       |       |       |    32 |       ||    32
       Great sword       |       |       |       |       |   721 ||   721
       Scimitar          |       |       |       |       |   590 ||   590
       Punch             |       |       |       |       |     2 ||     2
Throw: Throwing net      |       |     3 |     2 |       |     3 ||     8
       Javelin           |       |       |       |       |    21 ||    21
Invok: Heroism           |       |       |       |     8 |     7 ||    15
       Finesse           |       |       |       |       |     1 ||     1
Evoke: Wand              |       |       |     3 |     5 |    11 ||    19
       Sack of spiders   |       |       |       |     1 |     1 ||     2
  Use: Potion            |     3 |     1 |     6 |     6 |    13 ||    29
       Scroll            |       |    15 |     3 |    11 |    24 ||    53
 Stab: Held in net/web   |       |     1 |       |       |       ||     1
       Sleeping          |       |     1 |       |       |       ||     1
       Distracted        |       |     1 |     3 |     3 |     8 ||    15
       Petrified         |       |       |       |       |     4 ||     4
       Confused          |       |       |       |       |     7 ||     7
  Eat: Chunk             |     1 |    14 |    11 |    14 |    41 ||    81
       Ration            |       |       |       |     6 |     5 ||    11
Armor: Leather armour    |    35 |    67 |       |       |       ||   102
       Skin              |     1 |     4 |       |    14 |    10 ||    29
       Chain mail        |       |    37 |   305 |   653 |  1077 ||  2072
Dodge: Dodged            |    75 |   173 |   174 |   544 |  1188 ||  2154
Block: Other             |       |       |       |       |    83 ||    83
       Reflection        |       |       |       |       |     2 ||     2
       Rpst.: Long sword |    17 |    63 |    51 |    77 |     7 ||   215
       Great sword       |       |       |       |       |   146 ||   146
       Scimitar          |       |       |       |       |    91 ||    91

Table legend:
 A = Non-vault XP
 B = Vault XP
 C = Vault XP percentage of total XP
 D = Non-vault monster count
 E = Vault monster count
 F = Vault count percentage of total count
                 A         B        C        D         E       F
            +---------+---------+-------+---------+---------+-------
      Total |   89094 |   44504 |  33.3 |     564 |     222 |  28.2
            +---------+---------+-------+---------+---------+-------
        D:1 |      38 |       0 |   0.0 |      23 |       0 |   0.0
        D:2 |      38 |      13 |  25.5 |      16 |       1 |   5.9
        D:3 |      66 |       0 |   0.0 |      22 |       0 |   0.0
        D:4 |     261 |       0 |   0.0 |      17 |       0 |   0.0
        D:5 |     541 |       0 |   0.0 |      23 |       0 |   0.0
        D:6 |     504 |     118 |  19.0 |      21 |       2 |   8.7
        D:7 |     473 |    1145 |  70.8 |       9 |      13 |  59.1
        D:8 |    1616 |    1443 |  47.2 |      26 |       7 |  21.2
        D:9 |     733 |       0 |   0.0 |      16 |       0 |   0.0
       D:10 |    4608 |       7 |   0.2 |      23 |       4 |  14.8
       D:11 |    6445 |       0 |   0.0 |      35 |       0 |   0.0
       D:12 |    4893 |     151 |   3.0 |      24 |       7 |  22.6
       D:13 |    7858 |    5998 |  43.3 |      34 |      12 |  26.1
       D:14 |      50 |       0 |   0.0 |       1 |       0 |   0.0
     Lair:1 |    5455 |       0 |   0.0 |      31 |       0 |   0.0
     Lair:2 |    3569 |       0 |   0.0 |      14 |       0 |   0.0
     Lair:3 |    1737 |    3827 |  68.8 |      12 |       6 |  33.3
     Lair:4 |    3391 |    2686 |  44.2 |      17 |       3 |  15.0
     Lair:5 |    2987 |     743 |  19.9 |      11 |      12 |  52.2
     Lair:6 |    5664 |   13809 |  70.9 |      26 |      51 |  66.2
   Spider:1 |   21456 |       0 |   0.0 |      62 |       0 |   0.0
   Spider:2 |    9541 |       0 |   0.0 |      32 |       0 |   0.0
      Orc:1 |    2368 |     932 |  28.2 |      45 |       1 |   2.2
      Orc:2 |    4802 |   12412 |  72.1 |      24 |      73 |  75.3
     Bailey |       0 |    1220 | 100.0 |       0 |      30 | 100.0
            +---------+---------+-------+---------+---------+-------
